Map: Crimson Court LE

Players

Watermelon

  • Race: Protoss Protoss
  • League: Gold
  • Spawn Location: 7:00

SmargfX - Winner!

  • Race: Protoss Protoss
  • League: Gold
  • Spawn Location: 1:00

VOD

Have the link to the VOD?

Description

Time

  • Played on: Aug. 24, 2024, 12:58 a.m.
  • Length: 21:39
Show
View Real Time Build Order
Export as new Build Order

Watermelon Protoss 

Build Orders:  

Get SALT Encoding   

  12  0:08  Pylon  
  12  0:13  Probe  
  13  0:26  Gateway  
  13  0:30  Probe  
  14  0:42  Probe  
  15  0:54  Probe  
  15  0:56  Gateway  
  16  1:06  Probe  
  17  1:14  Cybernetics Core  
  17  1:31  Probe  
  18  1:41  Assimilator  
  18  1:42  Assimilator  
  18  1:44  Probe (Chrono Boost)  
  20  1:54  Probe (Chrono Boost)  
  20  1:59  Probe (Chrono Boost)  
  21  2:08  Nexus  
  21  2:11  Probe  
  21  2:15  Pylon  
  22  2:38  Warp Gate, Adept x2 (Chrono Boost)  
  26  2:45  Probe  
  27  2:52  Robotics Facility  
  27  2:57  Probe  
  28  3:14  Nexus  
  28  3:19  Probe  
  29  3:21  Probe  
  30  3:31  Probe  
  30  3:33  Probe  
  32  3:37  Pylon  
  32  3:40  Observer (Chrono Boost)  
  33  4:13  Gateway  
  33  4:16  Gateway  
  33  4:17  Twilight Council  
  33  4:23  Probe x2  
  33  4:35  Probe x2 (Chrono Boost)  
  33  4:37  Stalker x2  
  39  4:46  Probe (Chrono Boost)  
  38  4:52  Immortal (Chrono Boost)  
  38  4:56  Gateway, Probe (Chrono Boost)  
  43  5:00  Gateway  
  43  5:01  Pylon, Probe (Chrono Boost)  
  43  5:02  Pylon  
  44  5:10  Stalker x2  
  46  5:31  Stalker x2  
  44  5:37  Probe (Chrono Boost)  
  44  5:40  Probe (Chrono Boost)  
  45  5:48  Probe (Chrono Boost)  
  45  5:49  Probe (Chrono Boost)  
  47  5:50  Stalker x2  
  47  5:51  Stalker  
  47  5:53  Immortal (Chrono Boost), Probe (Chrono Boost)  
  47  5:54  Probe (Chrono Boost)  
  59  6:05  Probe  
  59  6:08  Assimilator, Probe x2  
  62  6:18  Probe  
  63  6:19  Stalker  
  63  6:20  Stalker  
  67  6:34  Blink (Chrono Boost)  
  67  6:39  Assimilator  
  67  6:40  Zealot x4  
  75  7:05  Observer  
  75  7:06  Pylon  
  75  7:08  Stalker  
  77  7:13  Pylon  
  77  7:16  Pylon  
  77  7:17  Pylon  
  77  7:18  Assimilator  
  77  7:30  Stalker x3  
  77  7:31  Stalker  
  85  8:03  Stalker x2  
  85  8:04  Stalker x4  
  97  8:21  Probe (Chrono Boost)  
  100  8:27  Charge (Chrono Boost)  
  100  8:28  Probe x2 (Chrono Boost), Zealot x4  
  100  8:30  Probe (Chrono Boost)  
  105  8:35  Probe x3 (Chrono Boost)  
  108  8:46  Probe  
  108  8:47  Pylon  
  109  8:54  Probe x2  
  107  8:59  Pylon  
  107  9:01  Zealot x2  
  107  9:02  Pylon  
  107  9:11  Shield Battery  
  107  9:16  Zealot x3  
  111  9:17  Zealot  
  111  9:19  Gateway  
  111  9:21  Gateway  
  111  9:22  Probe (Chrono Boost)  
  111  9:23  Gateway  
  115  9:32  Probe (Chrono Boost)  
  115  9:37  Probe (Chrono Boost)  
  115  9:38  Immortal (Chrono Boost)  
  120  10:00  Zealot x6  
  120  10:04  Pylon  
  132  10:10  Pylon  
  132  10:13  Pylon  
  132  10:14  Pylon  
  128  10:29  Sentry  
  128  10:30  Sentry  
  128  10:32  Zealot x2  
  128  10:33  Zealot x5  
  134  11:15  Zealot x5  
  134  11:16  Zealot  
  86  11:45  Stalker x6  
  98  11:47  Observer  
  98  11:48  Robotics Facility  
  98  11:55  Shield Battery  
  98  11:56  Shield Battery  
  98  11:58  Pylon  
  98  12:07  Stargate  
  98  12:09  Stargate  
  98  12:11  Stargate  
  98  12:20  Stalker x3  
  98  12:21  Stalker, Zealot x2  
  88  12:31  Stalker  
  76  12:40  Observer  
  68  12:47  Zealot x6  
  72  13:06  Zealot  
  72  13:10  Gateway  
  72  13:11  Gateway  
  74  13:14  Gateway  
  74  13:15  Gateway  
  74  13:16  Gateway  
  74  13:21  Fleet Beacon  
  74  13:28  Assimilator, Stalker x4  
  74  13:29  Stalker x3  
  88  13:36  Immortal (Chrono Boost)  
  90  14:02  Stalker x4  
  82  14:03  Stalker x3  
  82  14:06  Stalker  
  82  14:07  Stalker  
  82  14:08  Immortal (Chrono Boost)  
  100  14:15  Tempest x3 (Chrono Boost)  
  115  14:34  Nexus  
  115  14:35  Pylon  
  115  14:46  Immortal (Chrono Boost)  
  119  15:09  Pylon, Nexus  
  119  15:11  Probe  
  119  15:12  Probe x2  
  122  15:23  Tempest x2  
  122  15:24  Probe x3  
  122  15:27  Tempest  
  140  15:36  Probe  
  125  15:57  Zealot  
  125  15:58  Zealot  
  77  16:40  Probe x5  
  82  16:50  Observer (Chrono Boost)  
  82  16:51  Observer  
  82  16:52  Probe x5  
  88  16:58  Stalker  
  88  16:59  Stalker x8  
  106  17:04  Probe x5  
  111  17:16  Probe x3  
  111  17:22  Assimilator  
  114  17:24  Assimilator  
  114  17:26  Probe x2  
  114  17:28  Probe x3  
  119  17:30  Stalker x3  
  125  17:38  Probe  
  126  17:50  Templar Archives  
  126  18:00  Stalker x3  
  126  18:01  Stalker x2  
  136  18:19  Carrier x2 (Chrono Boost)  
  136  18:20  Carrier (Chrono Boost)  
  154  18:27  Probe x2  
  154  18:28  Probe x2  
  158  18:39  High Templar  
  158  18:40  High Templar x4  
  168  18:44  Archon x2  
  168  18:56  High Templar  
  168  19:00  Archon  
  168  19:02  Zealot x6  
  182  19:36  Assimilator  
  182  19:39  Zealot x2  
  182  19:40  Assimilator, Zealot x4  
  194  19:47  Pylon  
  146  20:09  Zealot  
  146  20:10  Zealot x7  
  146  20:11  Zealot x4  
  146  20:13  Observer  
  170  20:20  Tempest x3 (Chrono Boost)  
  150  20:44  Zealot x4  
  150  20:45  Zealot x5  
  144  21:12  Stalker x5  
  144  21:15  Sentry x4  
Show
View Real Time Build Order
Export as new Build Order

SmargfX Protoss - Winner!

Build Orders:  

Get SALT Encoding   

  12  0:02  Probe  
  14  0:14  Probe  
  14  0:26  Probe  
  14  0:28  Pylon  
  15  0:38  Assimilator  
  15  0:46  Probe (Chrono Boost)  
  16  0:54  Gateway  
  16  0:56  Probe (Chrono Boost)  
  17  1:01  Probe (Chrono Boost)  
  18  1:12  Probe  
  18  1:16  Gateway  
  19  1:23  Assimilator  
  19  1:24  Probe  
  20  1:37  Pylon, Probe  
  21  1:49  Probe  
  22  2:01  Probe  
  23  2:07  Cybernetics Core  
  23  2:15  Nexus  
  23  2:23  Gateway  
  23  2:25  Probe  
  23  2:37  Probe  
  23  2:38  Warp Gate (Chrono Boost)  
  23  2:40  Zealot  
  26  2:46  Stalker  
  28  2:52  Probe  
  29  3:04  Probe  
  29  3:05  Pylon  
  30  3:16  Probe  
  31  3:23  Stalker  
  33  3:29  Shield Battery  
  33  3:31  Probe (Chrono Boost)  
  34  3:34  Probe (Chrono Boost)  
  34  3:38  Pylon  
  35  3:44  Probe (Chrono Boost)  
  36  3:49  Probe (Chrono Boost)  
  37  4:02  Shield Battery, Probe  
  38  4:14  Probe, Forge  
  38  4:15  Probe  
  40  4:18  Stalker x2  
  44  4:27  Probe x2  
  46  4:35  Stalker  
  48  4:39  Probe (Chrono Boost)  
  48  4:42  Probe (Chrono Boost)  
  50  4:48  Assimilator  
  50  4:50  Photon Cannon  
  50  4:51  Probe (Chrono Boost)  
  51  4:56  Probe (Chrono Boost)  
  52  5:04  Assimilator  
  52  5:05  Probe  
  53  5:10  Pylon  
  53  5:13  Pylon  
  53  5:15  Gateway  
  53  5:18  Pylon  
  45  5:39  Stalker  
  45  5:40  Stalker x2  
  49  5:46  Twilight Council  
  49  5:49  Protoss Ground Armor Level 1 (Chrono Boost)  
  49  5:55  Pylon  
  49  5:58  Pylon  
  49  6:03  Stalker  
  49  6:04  Stalker  
  53  6:14  Gateway  
  53  6:16  Gateway  
  53  6:19  Gateway  
  53  6:20  Robotics Facility  
  53  6:21  Blink (Chrono Boost)  
  53  6:22  Robotics Facility  
  53  6:24  Robotics Facility  
  53  6:45  Nexus  
  51  6:58  Zealot  
  51  6:59  Zealot x3  
  57  7:14  Immortal x3  
  69  7:23  Zealot x2  
  69  7:24  Zealot  
  75  7:32  Pylon  
  75  7:35  Pylon  
  76  7:37  Probe (Chrono Boost)  
  76  7:42  Protoss Ground Weapons Level 1 (Chrono Boost), Probe (Chrono Boost)  
  79  7:52  Probe x2 (Chrono Boost)  
  79  7:55  Immortal  
  79  7:57  Probe (Chrono Boost)  
  81  8:02  Zealot x2  
  86  8:19  Zealot x3  
  91  8:20  Zealot  
  93  8:30  Stalker x3  
  97  8:48  Nexus  
  97  8:51  Probe  
  96  9:03  Probe  
  91  9:15  Probe  
  91  9:17  Charge (Chrono Boost)  
  92  9:23  Immortal  
  92  9:24  Immortal  
  100  9:31  Stalker  
  102  9:42  Pylon x2  
  102  10:00  Immortal, Probe  
  107  10:09  Zealot x5  
  107  10:10  Zealot x2  
  107  10:12  Probe  
  116  10:24  Probe  
  116  10:28  Shield Battery  
  105  10:31  Zealot x2  
  105  10:32  Zealot x3  
  105  10:33  Zealot  
  113  10:55  Photon Cannon  
  113  10:56  Photon Cannon  
  105  10:58  Photon Cannon  
  105  10:59  Photon Cannon  
  105  11:01  Zealot  
  105  11:02  Zealot  
  84  11:15  Zealot  
  84  11:16  Zealot  
  71  11:28  Zealot  
  73  11:43  Probe (Chrono Boost)  
  74  11:53  Probe (Chrono Boost)  
  75  11:57  Probe (Chrono Boost)  
  76  12:02  Assimilator  
  76  12:04  Assimilator  
  76  12:08  Pylon  
  48  13:04  Zealot x2  
  48  13:05  Zealot x3  
  56  13:09  Photon Cannon  
  56  13:10  Gateway  
  56  13:16  Gateway  
  56  13:32  Zealot x5  
  66  13:41  Cybernetics Core  
  66  13:45  Dark Shrine  
  66  13:46  Probe  
  67  13:55  Zealot x3  
  71  13:56  Zealot  
  71  13:57  Zealot  
  71  13:58  Probe  
  74  14:10  Probe  
  75  14:25  Nexus  
  75  14:40  Observer  
  75  14:42  Observer  
  75  14:43  Immortal  
  81  14:57  Dark Templar  
  81  14:58  Dark Templar x4  
  81  14:59  Dark Templar  
  93  15:05  Pylon  
  93  15:06  Pylon  
  93  15:07  Pylon  
  93  15:11  Pylon  
  93  15:35  Nexus  
  93  15:41  Probe  
  92  15:53  Probe  
  69  16:05  Probe  
  62  16:17  Probe  
  59  16:19  Stalker x5  
  59  16:20  Stalker  
  67  16:29  Gateway, Probe  
  67  16:32  Gateway  
  66  16:41  Probe  
  64  16:50  Stalker x2  
  64  16:53  Probe  
  69  16:56  Stalker x2  
  73  17:05  Probe (Chrono Boost)  
  74  17:15  Probe (Chrono Boost)  
  75  17:17  Stalker x3  
  75  17:19  Stalker  
  75  17:20  Probe (Chrono Boost)  
  83  17:28  Stalker  
  83  17:29  Stalker x2  
  89  17:31  Probe  
  89  17:36  Stalker x2  
  94  17:42  Stalker, Pylon  
  94  17:43  Probe  
  97  17:44  Stalker  
  97  17:47  Stalker  
  97  17:51  Stalker  
  103  17:57  Templar Archives  
  103  17:59  Stalker  
  103  18:01  Stalker  
  103  18:05  Protoss Ground Weapons Level 2 (Chrono Boost)  
  107  18:21  Stalker x4  
  107  18:22  Stalker  
  117  18:29  Stalker x2  
  121  18:36  High Templar x2  
  125  18:44  Pylon  
  125  18:46  High Templar x5  
  135  18:50  Pylon  
  135  18:53  High Templar x2  
  139  18:55  Archon x2  
  139  18:56  Archon  
  139  18:57  Archon  
  139  19:09  High Templar x2  
  143  19:14  Archon  
  143  19:19  High Templar x2  
  143  19:20  High Templar x2  
  143  19:23  Archon x2  
  151  19:25  High Templar  
  151  19:29  Archon  
  151  19:31  Zealot x2  
  157  19:42  Stalker  
  157  19:43  Stalker  
  151  20:53  Stalker, Zealot x3  
  151  20:54  Zealot x4  
  151  20:55  Zealot  
Tags
 
League
GoldGold
Matchup
PvP
Spawn Locations
Cross Positions
Add a new tag
Caveats
  • Supply blocks, unpowered buildings, or Contaminate may cause inaccurate times.
  • Supply counts are checked every 10 seconds.